AoeStats
← CLİNT EASTWOOD SS

Migration

507109101Analyzed
1v1 RM · 16d ago on Sep 16, 2026· 40m 51s· 2 players
Game mode
Random Map
Map size
132×132
Population
200
Speed
Normal
Resources
Standard
Victory
Conquest
Starting age
Dark Age
Ending age
Imperial Age
RankedLock teamsTeams togetherTeam positionsShared explorationLock speedFull tech treeHidden civsTurbo modeCheats
Victory
Defeat
🇹🇷 Berbers · Türkiye
662
+14
🇺🇸 Franks · United States
628
-14
двѕтrастکам
10:56 Feudal Age
11:26 Double-Bit Axe
19:30 Castle Age
19:17 Gold Mining
19:18 Stone Mining
20:21 Bow Saw
20:48 Loom
21:39 Wheelbarrow
30:16 Forging
30:31 Medium Warships
29:45 Demolition Ship
31:19 Fortified Wall
CLİNT EASTWOOD SS
10:50 Feudal Age
17:00 Double-Bit Axe
17:01 Horse Collar
18:39 Fishing Lines
24:42 Castle Age
22:53 Gold Mining
23:00 Stone Mining
26:22 Husbandry
26:33 Bloodlines
28:41 Wheelbarrow
29:18 Stone Shaft Mining
28:56 Bow Saw
36:40 Imperial Age
35:18 Heavy Plow
35:56 Gold Shaft Mining
36:53 Hand Cart
36:45 Padded Archer Armor
36:35 Fletching
36:51 Scale Barding Armor
36:57 Forging
37:17 Ballistics
37:25 Cavalier
39:10 Elite Skirmisher
Connection lost

Rejoining the realm…

Still unreachable

The connection could not be restored.

Session expired

The server has moved on; the page needs a fresh start.